 Dungeon Crawl Stone Soup version 0.23-a0-143-g1adec7b (webtiles) character file.

49 Amnesiac the Chiller (level 3, -2/24 HPs)
             Began as a Mummy Ice Elementalist on Sept 1, 2018.
             Slain by an orc priest
             ... wielding a +0 club
              (4 damage)
             ... on level 4 of the Dungeon.
             The game lasted 00:01:35 (511 turns).

Amnesiac the Chiller (Mummy Ice Elementalist)        Turns: 511, Time: 00:01:35

Health: -2/24      AC:  2    Str: 11    XL:     3   Next: 51%
Magic:  0/7        EV: 12    Int: 15    God:
Gold:   17         SH:  0    Dex: 12    Spells: 7/8 levels left

rFire    x . .     SeeInvis .   e - +0 flail
rCold    + . .     Gourm    .   (no shield)
rNeg     + + +     Faith    .   a - +0 robe
rPois    ∞         Spirit   .   (no helmet)
rElec    .         Reflect  .   (no cloak)
rCorr    .         Harm     .   (no gloves)
MR       .....                  (no boots)
Stlth    +++.......             (no amulet)
HPRegen  0.08/turn              d - ring of stealth
MPRegen  0.10/turn              (no ring)

@: very slightly contaminated
A: no food or potions, fire vulnerability, cold resistance 1, negative energy
resistance 3, torment resistance, unbreathing
a: no special abilities


You were on level 4 of the Dungeon.
You were not hungry.

You visited 1 branch of the dungeon, and saw 4 of its levels.

You collected 17 gold pieces.

Inventory:

Hand Weapons
 e - a +0 flail (weapon)
Armour
 a - a +0 robe (worn)
 c - a +0 pair of boots
Jewellery
 d - a ring of stealth (left hand)


   Skills:
 - Level 1.5 Dodging
 - Level 1.5 Stealth
 + Level 3.4 Spellcasting
   Level 0.7 Conjurations
 * Level 3.4 Ice Magic


You had 7 spell levels left.
You knew the following spells:

 Your Spells              Type           Power        Failure   Level  Hunger
a - Freeze                Ice            ##..         4%          1    N/A

Your spell library contained the following spells:

 Spells                   Type           Power        Failure   Level  Hunger
 Throw Frost              Conj/Ice       #.....       12%         2    N/A
 Ozocubu's Armour         Chrm/Ice       #.......     28%         3    N/A
 Throw Icicle             Conj/Ice       #.......     63%         4    N/A
 Summon Ice Beast         Ice/Summ       #.......     67%         4    N/A

Dungeon Overview and Level Annotations

Branches:
Dungeon (4/15)
 Temple: D:4-7

Altars:
Kikubaaqudgha


Innate Abilities, Weirdness & Mutations

You do not eat or drink.
Your flesh is vulnerable to fire.
You are immune to poison.
Your flesh is cold resistant. (rC+)
You are immune to negative energy. (rN+++)
You are immune to unholy pain and torment.
You can survive without breathing.


Message History

You freeze the orc priest.
The orc priest is almost dead.
The orc priest begins to cast a cantrip, but forgets the words!
The orc priest misses you.
Unknown command.
Casting: Freeze (safe; 6% risk of failure)
Confirm with . or Enter, or press ? or * to list all spells.
Aiming: Freeze (safe; 6% risk of failure)
Press: ? - help, Shift-Dir - straight line, f/p - orc priest
Aim: an orc priest, wielding a trident and wearing a chain mail (almost dead)
You freeze the orc priest.
You kill the orc priest!
You have reached level 3!
Your experience leads to an increase in your attributes!
Increase (S)trength, (I)ntelligence, or (D)exterity?
You feel clever. The orc priest hits you with a club.
There is a stone staircase leading up here.
Casting: Freeze (safe; 4% risk of failure)
Confirm with . or Enter, or press ? or * to list all spells.
Aiming: Freeze (safe; 4% risk of failure)
Press: ? - help, Shift-Dir - straight line, f - orc priest
Aim: an orc priest, wielding a club You freeze the orc priest.
The orc priest is lightly wounded.
The orc priest hits you with a club.
* * * LOW HITPOINT WARNING * * *
Really read
b - a scroll labeled JEN ENADEUPUE {!r}?
As you read the scroll labeled JEN ENADEUPUE {!r}, it crumbles to dust.
You feel blessed for a moment.
It was a scroll of remove curse {!r}.
The orc priest looks braver for a moment.
You hit the orc priest.
The orc priest is moderately wounded.
The orc priest barely misses you. The orc priest hits you with a club.
* * * LOW HITPOINT WARNING * * *
You hit the orc priest.
The orc priest is heavily wounded.
The orc priest hits you with a club.
* * * LOW HITPOINT WARNING * * *
Casting: Freeze (safe; 4% risk of failure)
Confirm with . or Enter, or press ? or * to list all spells.
Aiming: Freeze (safe; 4% risk of failure)
Press: ? - help, Shift-Dir - straight line, f/p - orc priest
Aim: an orc priest, wielding a club (heavily wounded)
You miscast Freeze.
You are very lightly contaminated with residual magic.
You feel a strange surge of energy! The orc priest hits you with a club.
* * * LOW HITPOINT WARNING * * *
Unknown command.
You closely miss the orc priest.
The orc priest is heavily wounded.
The orc priest closely misses you.
Unknown command.
You barely miss the orc priest.
The orc priest is heavily wounded.
The orc priest hits you with a club.
* * * LOW HITPOINT WARNING * * *
Unknown command.
You closely miss the orc priest.
The orc priest is heavily wounded.
The orc priest hits you with a club.
* * * LOW HITPOINT WARNING * * *
The orc priest hits you with a club.
You die...

#. . ..# #.
#.# #.## #.#
....#.#
#..#.####
#..#.#@.#
#....o..#
#...)#..# #
###....####.#
............[#
.####......#.#
#.......)[..#
#......##o#.#
#)#..)...o#.#


You could see an orc priest.

Vanquished Creatures
  An orc priest (D:4)
  2 orcs
  A giant cockroach (D:1)
  2 goblins
  2 hobgoblins
  2 jackals (D:3)
  3 kobolds
  A frilled lizard (D:1)
  A rat (D:1)
15 creatures vanquished.

Notes
Turn   | Place    | Note
-------+----------+-------------------------------------------
     0 | D:1      | Amnesiac the Mummy Ice Elementalist began the quest for the
                  | Orb.
     0 | D:1      | Reached XP level 1. HP: 13/13 MP: 4/4
   220 | D:1      | Reached XP level 2. HP: 17/19 MP: 1/5
   320 | D:3      | Found an ancient bone altar of Kikubaaqudgha.
   502 | D:4      | Reached XP level 3. HP: 19/24 MP: 1/7
   511 | D:4      | Slain by an orc priest

Vault maps used:
D:1:      evilmike_arrival_rings
D:2:      chequers_ecumenical_altar_grove
D:3:      lemuel_round_altar, grunt_ministairs_7, minmay_misc_feat_iff
D:4:      gup_sewer_entry_pipe, first_ration, dk_noncrumbling_3,
          minmay_hedge_maze

Skill      XL: |  1  2 |
---------------+-------+-----
Ice Magic      | 3 |  3.4
Spellcasting   | 3 |  3.4
Dodging        | |  1.5
Stealth        | |  1.5
Conjurations   | |  0.7

Action                   || total
-------------------------++-------
Melee: Flail             ||     7
 Cast: Freeze            ||    31
  Use: Scroll            ||     1
Armor: Robe              ||     3
Dodge: Dodged            ||    16

Table legend:
 A = Non-vault XP
 B = Vault XP
 C = Vault XP percentage of total XP
 D = Non-vault monster count
 E = Vault monster count
 F = Vault count percentage of total count
                 A         B        C        D         E       F
            +---------+---------+-------+---------+---------+-------
      Total |      70 |       0 |   0.0 |      15 |       0 |   0.0
            +---------+---------+-------+---------+---------+-------
        D:1 |      12 |       0 |   0.0 |       7 |       0 |   0.0
        D:3 |      12 |       0 |   0.0 |       6 |       0 |   0.0
        D:4 |      46 |       0 |   0.0 |       2 |       0 |   0.0
            +---------+---------+-------+---------+---------+-------
